 Dungeon Crawl Stone Soup version 0.29-a0-824-gd827844252 (webtiles) character file.

Game seed: 12977291966223581686

34 Nato the Cutter (level 3, -1/34 HPs)
             Began as a Naga Berserker on July 10, 2022.
             Was a Follower of Trog.
             Slain by an adder (2 damage)
             ... on level 3 of the Dungeon.
             The game lasted 00:04:00 (4006 turns).

Nato the Cutter (Naga Berserker)                    Turns: 4006, Time: 00:04:00

Health: -1/34      AC:  3    Str: 21    XL:     3   Next: 31%
Magic:  3/3        EV:  9    Int:  7    God:    Trog [*.....]
Gold:   92         SH:  0    Dex: 10    Spells: 2/2 levels left

rFire   . . .      SeeInvis +   d - +0 dagger
rCold   . . .      Faith    .   (no shield)
rNeg    . . .      Spirit   .   l - +0 ring mail
rPois   +          Reflect  .   (no helmet)
rElec   .          Harm     .   (no cloak)
rCorr   .          Rampage  .   (no gloves)
Will    .....                   (no barding)
Stlth   ..........              (no amulet)
HPRegen 0.11/turn               (no ring)
MPRegen 0.08/turn               (no ring)

@: very slow
A: AC +1, large, see invisible, deformed body, poison resistance, slowness 2,
spit poison 1, naga tail 1
a: Spit Poison, Renounce Religion, Berserk


You were on level 3 of the Dungeon.
You worshipped Trog.
Trog was aware of your devotion.
You visited 1 branch of the dungeon, and saw 3 of its levels.

You collected 92 gold pieces.

Inventory:

Hand Weapons
 a - a +0 short sword
 d - a +0 dagger (weapon)
Armour
 b - a +0 animal skin
 l - a +0 ring mail (worn)
 m - a +0 leather armour
Scrolls
 c - a scroll of fog {unknown}
 i - a scroll of identify {unknown}
 k - a scroll of noise {unknown}
Potions
 e - a potion of curing {unknown}
 f - 3 potions of lignification {unknown}
 g - a potion of heal wounds {unknown}
 h - a potion of flight {unknown}
 j - a potion of attraction {unknown}


   Skills:
 + Level 3.3 Fighting
 + Level 3.3 Short Blades
 + Level 2.0 Armour
 + Level 2.1 Dodging


You had 2 spell levels left.
You didn't know any spells.
Your spell library was empty.

Dungeon Overview and Level Annotations

Branches:
Dungeon (3/15)

Altars:

Shops:
D:1 [


Innate Abilities, Weirdness & Mutations

Your serpentine skin is tough. (AC +1)
You have supernaturally acute eyesight. (SInv)
Armour fits poorly on your strangely shaped body.
Your system is resistant to poisons. (rPois)
You cover ground very slowly.
You can spit poison.
You have a snake-like lower body.


Message History

There is a stone staircase leading up, spattered with blood here.
You miss the kobold. The kobold hits you with a +0 club.
* * * LOW HITPOINT WARNING * * *
The adder bites you.
* * * LOW HITPOINT WARNING * * *
You hit the kobold but do no damage. The adder bites you.
* * * LOW HITPOINT WARNING * * *
The kobold hits you but does no damage.
You hit the kobold.
The kobold is severely wounded.
The adder bites you but does no damage.
You barely miss the kobold.
The kobold is severely wounded.
The kobold closely misses you. The adder bites you but does no damage.
You barely miss the kobold.
The kobold is severely wounded.
The adder bites you but does no damage. The kobold hits you with a +0 club.
* * * LOW HITPOINT WARNING * * *
You hit the kobold but do no damage.
The kobold is severely wounded.
The adder bites you.
* * * LOW HITPOINT WARNING * * *
The kobold hits you with a +0 club.
* * * LOW HITPOINT WARNING * * *
You barely miss the kobold.
The kobold is severely wounded.
The adder bites you.
* * * LOW HITPOINT WARNING * * *
The kobold hits you but does no damage.
You hit the kobold but do no damage.
The kobold is severely wounded.
The adder bites you.
* * * LOW HITPOINT WARNING * * *
You closely miss the kobold.
The kobold is severely wounded.
The kobold barely misses you. The adder barely misses you.
You barely miss the kobold.
The kobold is severely wounded.
The adder bites you.
You die...

.. #. #. #. #
####. .###
.....#####....#
##SK.....#
#..@..?..#
#..#.##..#
$........ ....
#.##.#####..####
# #. .# ## #


You could see an adder and a kobold.

Vanquished Creatures
  A dart slug (D:1)
  3 bats (D:1)
  7 endoplasms
  3 goblins
  2 hobgoblins
  2 quokkas
  5 ball pythons (D:1)
  2 frilled lizards (D:2)
  2 kobolds (D:1)
  2 rats (D:2)
29 creatures vanquished.

Notes
Turn   | Place    | Note
-------+----------+-------------------------------------------
     0 | D:1      | Nato the Naga Berserker began the quest for the Orb.
     0 | D:1      | Reached XP level 1. HP: 21/21 MP: 1/1
  1382 | D:1      | Reached XP level 2. HP: 23/28 MP: 2/2
  1604 | D:1      | Found Adduschoedgh's Armour Shop.
  3106 | D:2      | Reached XP level 3. HP: 34/34 MP: 3/3
  3484 | D:2      | Found a faded altar of an unknown god.
  4004 | D:3      | HP: 1/34 [adder (2)]
  4006 | D:3      | Slain by an adder

Illustrated notes

Levels and vault maps discovered:
D:1:      lightli_arrival_farm, layout_basic, serial_shops, shop, nicolae_titane
D:2:      layout_basic, basic_ecumenical_altar, nicolae_kite_square_tiling_tiny
D:3:      layout_loops_cross, nicolae_ru_path_of_blood, lemuel_crystal_altar,
          serial_shops, shop_coins

Skill      XL: |  1  2 |
---------------+-------+-----
Dodging        | 2 |  2.1
Armour         | 2 |  2.0
Fighting       | |  3.3
Short Blades   | |  3.3

Action                   || total
-------------------------++-------
Melee: Dagger            ||   137
       Short sword       ||     6
 Stab: Sleeping          ||     1
Armor: Animal skin       ||    23
       Ring mail         ||    17
Dodge: Dodged            ||    75

Table legend: (Time is in decaauts)
 A = Elapsed time spent in this place.
 B = Non-inter-level travel time spent in this place.
 C = Inter-level travel time spent in this place.
 D = Time resting spent in this place.
 E = Time spent auto-exploring this place.
 F = Levels seen in this place.
 G = Mean time per level.
                   A        B        C        D        E       F      G
               +--------+--------+--------+--------+--------+-----+--------+
         Total |   4564 |   4403 |    161 |   1737 |   2335 |   3 | 1521.3 |
       Dungeon |   4564 |   4403 |    161 |   1737 |   2335 |   3 | 1521.3 |
               +--------+--------+--------+--------+--------+-----+--------+

Top non-repeatable levels by time:
     D:1: 3383 daAuts
     D:2: 1150 daAuts
     D:3: 30 daAuts
